 Dungeon Crawl Stone Soup version 0.19.5 (webtiles) character file.

1666 Keye the Basher (level 8, -3/64 HPs)
             Began as a Minotaur Berserker on May 3, 2017.
             Was an Elder of Trog.
             Slain by Pikel
             ... wielding a +0 whip of electrocution
              (14 damage)
             ... on level 6 of the Dungeon.
             The game lasted 00:09:44 (4879 turns).

Keye the Basher (Minotaur Berserker)                Turns: 4879, Time: 00:09:45

Health: -3/64      AC: 12    Str: 22    XL:     8   Next: 69%
Magic:  7/7        EV:  8    Int:  4    God:    Trog [****..]
Gold:   322        SH:  0    Dex: 12    Spells: 0 memorised, 7 levels left

rFire  . . .     SeeInvis .     r - +1 flail
rCold  + . .     Gourm    .     u - +1 chain mail {MR+}
rNeg   . . .     Faith    .     (no shield)
rPois  .         Spirit   .     (helmet restricted)
rElec  .         Reflect  .     h - +0 cloak
rCorr  .         Harm     .     (no gloves)
MR     ++...                    x - +0 pair of boots
Stlth  ..........               (no amulet)
                                D - ring of protection from cold
                                A - ring of protection from magic

@: no status effects
A: retaliatory headbutt, horns 2
a: Berserk, Trog's Hand, Brothers in Arms, Burn Spellbooks, Renounce Religion


You were on level 6 of the Dungeon.
You worshipped Trog.
Trog was greatly pleased with you.
You were not hungry.

You visited 1 branch of the dungeon, and saw 6 of its levels.

You collected 322 gold pieces.

Inventory:

Hand Weapons
 r - a +1 flail (weapon)
Armour
 h - a +0 cloak (worn)
 u - a +1 chain mail of magic resistance (worn)
 x - a +0 pair of boots (worn)
Jewellery
 A - a ring of protection from magic (left hand)
 D - a ring of protection from cold (right hand)
Scrolls
 a - a scroll of magic mapping
 b - a scroll of identify
 d - 2 scrolls of remove curse
 e - a scroll of amnesia
 i - 2 scrolls of teleportation
 v - a scroll of enchant weapon
Potions
 k - 4 potions of brilliance
 l - 2 potions of flight
 m - 5 potions of haste
 n - 2 potions of curing
 p - a potion of might {unknown}
 q - a potion of lignification
 s - 2 potions of ambrosia {unknown}
 t - a potion of agility
 z - a potion of resistance {unknown}
 C - a potion of heal wounds
Books
 o - a book of Maledictions

   Spells                             Type                      Level
   a - Corona                         Hexes                        1
   b - Ensorcelled Hibernation        Hexes/Ice                    2
   c - Confuse                        Hexes                        3
   d - Tukima's Dance                 Hexes                        3
   e - Dazzling Spray                 Conjuration/Hexes            3
   Trog disapproves of the use of such an item.
Comestibles
 c - 3 bread rations
 f - 4 fruits
 g - 2 chunks of flesh
 j - 4 meat rations
 w - a beef jerky
 B - a royal jelly


   Skills:
 - Level 3.6 Fighting
 + Level 13.2 Maces & Flails
 - Level 2.4 Armour
 - Level 2.1 Dodging


You had 7 spell levels left.
You didn't know any spells.

Dungeon Overview and Level Annotations

Branches:
Dungeon (6/15)             Temple (0/1) D:6

Altars:
Sif Muna
Trog
Vehumet
Xom

Annotations:
D:6 Pikel


Innate Abilities, Weirdness & Mutations

You reflexively headbutt those who attack you in melee.
You have a pair of horns on your head.


Message History

You closely miss Pikel. Your headbutt misses Pikel.
Pikel is moderately wounded.
Pikel hits you but does no damage.
You are electrocuted!
The slave hits you!
* * * LOW HITPOINT WARNING * * *
You thump Pikel! Your headbutt misses Pikel.
Pikel is severely wounded.
Pikel hits you but does no damage. The slave barely misses you.
You furiously retaliate!
You headbutt the slave. You closely miss Pikel.
Pikel is severely wounded.
You hit Pikel.
Pikel is severely wounded.
Pikel barely misses you. The slave hits you.
* * * LOW HITPOINT WARNING * * *
You hit Pikel.
Pikel is almost dead.
Pikel hits you with a whip of electrocution.
* * * LOW HITPOINT WARNING * * *
You are electrocuted!
You die...

#....# ##.# #.#
##...# ##..##### .#
##..###.......##..
##.....##.##...##
##.....###.......#
####....#............
#....................
#.##.##....######..##
# #@#####...#####.#
#K# ###.......##
#.....pp# ######....
......pp. #.###
.......... #....
...<......# #####
..........#
.>.......##
#...#...##


You could see Pikel and 4 slaves.

Vanquished Creatures
  The ghost of mezla the Sneak, a novice VSEn of Okawaru (D:5)
  Grinder (D:3)
  Menkaure (D:6)
  A sky beast (D:5)
  A centaur (D:5)
  Blork the orc (D:6)
  A big kobold (D:6)
  A bullfrog (D:6)
  A scorpion (D:6)
  A crimson imp (D:5)
  A hound (D:5)
  A centaur skeleton (D:4)
  A bullfrog skeleton (D:4)
  5 orc wizards
  Jessica (D:3)
  An iguana (D:6)
  4 worker ants
  2 killer bee zombies (D:5)
  A hound skeleton (D:4)
  2 worker ant zombies
  Robin (D:2)
  10 adders
  6 worms
  3 dart slugs
  4 leopard geckos
  17 orcs
  4 giant cockroaches
  13 goblins
  5 hobgoblins
  3 jackals (D:2)
  24 kobolds
  A quokka (D:6)
  A ball python (D:1)
  6 bats
  3 frilled lizards
  A leopard gecko skeleton (D:5)
  2 quokka skeletons (D:4)
  3 rats
136 creatures vanquished.

Notes
Turn   | Place    | Note
-------+----------+-------------------------------------------
     0 | D:1      | Keye the Minotaur Berserker began the quest for the Orb.
     0 | D:1      | Reached XP level 1. HP: 19/19 MP: 0/0
   161 | D:1      | Reached skill level 4 in Maces & Flails
   259 | D:1      | Reached XP level 2. HP: 26/26 MP: 1/1
   696 | D:2      | Reached skill level 5 in Maces & Flails
   808 | D:2      | Reached XP level 3. HP: 31/31 MP: 2/2
   992 | D:2      | Reached ** piety under Trog
   999 | D:2      | Reached skill level 6 in Maces & Flails
   999 | D:2      | Reached XP level 4. HP: 20/39 MP: 3/3
  1075 | D:2      | Noticed Robin
  1087 | D:2      | Killed Robin
  1594 | D:2      | Found a bloodstained altar of Trog.
  1792 | D:3      | Noticed Jessica
  1800 | D:3      | Killed Jessica
  1800 | D:3      | Reached skill level 7 in Maces & Flails
  1800 | D:3      | Reached XP level 5. HP: 45/45 MP: 4/4
  2174 | D:3      | Noticed Grinder
  2178 | D:3      | Reached *** piety under Trog
  2181 | D:3      | Paralysed by Grinder for 2 turns
  2193 | D:3      | Killed Grinder
  2193 | D:3      | Reached skill level 8 in Maces & Flails
  2193 | D:3      | Reached XP level 6. HP: 31/51 MP: 5/5
  2614 | D:3      | Reached skill level 9 in Maces & Flails
  2890 | D:4      | Found a deep blue altar of Sif Muna.
  2945 | D:4      | Reached XP level 7. HP: 44/57 MP: 6/6
  3567 | D:5      | Entered Level 5 of the Dungeon
  3591 | D:5      | Reached skill level 10 in Maces & Flails
  3901 | D:5      | Noticed mezla's ghost (novice VSEn)
  3906 | D:5      | Killed mezla's ghost
  3906 | D:5      | Reached skill level 11 in Maces & Flails
  3906 | D:5      | Reached XP level 8. HP: 64/64 MP: 7/7
  4051 | D:5      | Found a shimmering altar of Xom.
  4267 | D:5      | Reached **** piety under Trog
  4420 | D:5      | Found a radiant altar of Vehumet.
  4524 | D:5      | Reached skill level 12 in Maces & Flails
  4574 | D:6      | Found a staircase to the Ecumenical Temple.
  4618 | D:6      | Noticed Blork the orc
  4619 | D:6      | Noticed Menkaure
  4628 | D:6      | Killed Menkaure
  4634 | D:6      | Killed Blork the orc
  4634 | D:6      | Reached skill level 13 in Maces & Flails
  4853 | D:6      | Noticed Pikel
  4879 | D:6      | Slain by Pikel

Skill      XL: |  1  2  3  4  5  6  7  8 |
---------------+-------------------------+-----
Maces & Flails | 4 5 6 7 8 9 11 13 | 13.2
Fighting       | |  3.6
Armour         | |  2.4
Dodging        | |  2.1

Action                   |  1- 3 |  4- 6 |  7- 9 || total
-------------------------+-------+-------+-------++-------
Melee: Mace              |    58 |    59 |       ||   117
       Headbutt          |    12 |    20 |    38 ||    70
       Flail             |       |    66 |   163 ||   229
Invok: Berserk           |       |     3 |     2 ||     5
       Trog's Hand       |       |     1 |     1 ||     2
  Use: Scroll            |       |       |    14 ||    14
  Eat: Chunk             |       |    10 |     8 ||    18
Armor: Animal skin       |    13 |    16 |       ||    29
       Chain mail        |       |    44 |   108 ||   152
Dodge: Dodged            |    64 |    60 |    60 ||   184
